 Dungeon Crawl Stone Soup version 0.18-a0-1354-gbc5753f (webtiles) character file.

15201 gorblad the Protected (level 12, -2/94 HPs)
             Began as a Formicid Fighter on Feb 20, 2016.
             Was an Elder of Dithmenos.
             Slain by slayr's ghost (7 damage)
             ... on level 1 of the Lair of Beasts.
             The game lasted 00:27:47 (11336 turns).

gorblad the Protected (Formicid Fighter)           Turns: 11336, Time: 00:27:47

Health: -2/94      AC: 23    Str: 30    XL:     12   Next: 54%
Magic:  12/12      EV: 20    Int: 18    God:    Dithmenos [****..]
Gold:   267        SH: 12    Dex: 15    Spells: 0 memorised, 11 levels left

rFire  . . .     SeeInvis +     m - +3 great mace of Cheibriados's Delight {venom, rF+ MR+ Int+9}
rCold  + + .     Gourm    .     i - +2 ice dragon armour
rNeg   . . .     Faith    .     c - +0 shield
rPois  +         Spirit   .     (helmet unavailable)
rElec  +         Dismiss  +     r - +0 cloak {rPois}
rCorr  +         Reflect  .     (no gloves)
SustAt .         Harm     .     b - +0 pair of boots
MR     +++++                    h - amulet of dismissal
Stlth  ..........               y - ring of resist corrosion
                                l - ring "Veviet" {+Fly rElec MR+++ AC+5 Stlth-}

@: mighty, agile, wreathed by umbra, almost entirely resistant to hostile
enchantments, extremely unstealthy
A: permanent stasis, dig shafts and tunnels, four strong arms, antennae 3
a: Dig, Shaft Self, Shadow Step, Renounce Religion, Evoke Flight


You were on level 1 of the Lair of Beasts.
You worshipped Dithmenos.
Dithmenos was greatly pleased with you.
You were hungry.

You visited 2 branches of the dungeon, and saw 12 of its levels.
You also visited: Ossuary.

You collected 579 gold pieces.
You spent 312 gold pieces at shops.

Inventory:

Hand Weapons
 m - the +3 great mace of Cheibriados's Delight (weapon) {venom, rF+ MR+ Int+9}
   (You found it on level 1 of the Dungeon)

   It poisons the flesh of those it strikes.
   It affects your intelligence (+9).
   It protects you from fire.
   It affects your resistance to hostile enchantments.
Armour
 b - a +0 pair of boots (worn)
 c - a +0 shield (worn)
 i - a +2 ice dragon armour (worn)
 r - a +0 cloak of poison resistance (worn)
Jewellery
 h - an amulet of dismissal (around neck)
 l - the ring "Veviet" (left hand) {+Fly rElec MR+++ AC+5 Stlth-}
   (You acquired it in an ossuary)

   [ring of protection]

   It affects your AC (+5).
   It insulates you from electricity.
   It affects your resistance to hostile enchantments.
   It lets you fly.
   It makes you less stealthy.
 t - a cursed -3 ring of protection {unknown}
 y - a ring of resist corrosion (right hand)
Wands
 k - a wand of lightning (6/15)
 o - a wand of enslavement (11/24)
Scrolls
 e - a scroll of magic mapping
 j - 2 scrolls of remove curse
 p - 4 scrolls of identify
 q - 3 scrolls of recharging
 s - a scroll of enchant armour
 u - 4 scrolls of enchant weapon
 v - 4 scrolls of amnesia
 A - a scroll of fear
Potions
 a - a potion of agility
 d - 2 potions of might
 g - a potion of cure mutation
 x - 3 potions of brilliance
 C - a potion of haste {unknown}
 G - a potion of resistance
Books
 D - a book of Callings

   Spells                             Type                      Level
   a - Summon Small Mammal            Summoning                    1
   b - Call Imp                       Summoning                    2
   c - Call Canine Familiar           Summoning                    3
   d - Summon Guardian Golem          Hexes/Summoning              3
   e - Summon Lightning Spire         Summoning/Air                4
   f - Summon Ice Beast               Ice/Summoning                4
Comestibles
 f - 7 bread rations
 n - 5 beef jerkies
 w - 6 slices of pizza
 B - a royal jelly
 H - 3 meat rations


   Skills:
 + Level 8.6 Fighting
   Level 2.0 Long Blades
 * Level 11.0 Maces & Flails
 - Level 11.1 Armour
 * Level 7.8 Dodging
 * Level 8.7 Shields


You had 11 spell levels left.
You didn't know any spells.

Dungeon Overview and Level Annotations

Branches:
Dungeon (11/15)            Temple (0/1) D:7            Lair (1/8) D:9
    Orc (0/2) D:11

Altars:
Ashenzari
Cheibriados
Dithmenos
Elyvilon
Fedhas
Gozag
Makhleb
Qazlal
Ru
Vehumet
Yredelemnul
The Shining One

Shops:
D:6 :   D:9 }?}*:   D:10 %

Annotations:
Lair:1 slayr's ghost, journeyman HaHu


Innate Abilities, Weirdness & Mutations

You are under a permanent stasis effect.
You can dig through walls and to a lower floor.
Your four strong arms can wield two-handed weapons with a shield.
You have a pair of large antennae on your head (SInv).


Message History

You miss slayr's ghost.
Slayr's ghost is moderately damaged.
You block slayr's ghost's attack.
You completely miss slayr's ghost.
Slayr's ghost is moderately damaged.
You block slayr's ghost's attack.
You completely miss slayr's ghost.
Slayr's ghost is moderately damaged.
You block slayr's ghost's attack.
You completely miss slayr's ghost.
Slayr's ghost is moderately damaged.
Slayr's ghost hits you but does no damage.
You completely miss slayr's ghost.
Slayr's ghost is lightly damaged.
Slayr's ghost hits you!
* * * LOW HITPOINT WARNING * * *
You miss slayr's ghost.
Slayr's ghost is lightly damaged.
Slayr's ghost hits you!
You die...

............. .
........... . .
.........
##.#.#......#
#......#......#
.#.............#
..........#......#
...#......#......##..
..#......P.W@.......
........+......##.. .
#......#......# .
...##..#.........#
....................
.....................
.....................
.....................
.....................


You could see slayr's ghost.

Vanquished Creatures
  The ghost of Armakuni the Spear-Bearer, a journeyman MfWn of the Shining One (D:11)
  2 hydras (D:11)
  The ghost of Speissi the Covered, a novice DsAK of Lugonu (D:8)
  An unseen horror (D:11)
  Pikel (D:7)
  2 hill giants (D:11)
  The ghost of Speissi the Ducker, a novice DrBe of Trog (D:5)
  A gargoyle (D:11)
  4 trolls
  A wyvern (D:9)
  A wraith (D:11)
  10 yaks
  A hog (D:10)
  A human (D:10)
  2 hippogriffs
  The ghost of gorblad the Shield-Bearer, an amateur FoFi (D:4)
  2 wargs (D:9)
  4 hungry ghosts
  A swamp drake (D:11)
  4 ice beasts
  8 orc warriors
  A sky beast (D:5)
  3 phantoms
  2 black bears
  A wasp (D:11)
  2 ogres (D:10)
  10 centaurs
  3 giant frogs
  A wyvern zombie (D:7)
  5 scorpions
  A wyvern skeleton (D:9)
  8 killer bees
  7 wights
  5 crimson imps
  4 centaur skeletons
  12 orc priests
  2 giant frog skeletons
  9 hounds
  6 iguanas
  9 orc wizards
  6 worker ants
  A sheep (D:10)
  5 hound skeletons
  12 mummies (Ossuary)
  2 worker ant zombies
  4 gnolls (D:9)
  14 adders
  3 shadow imps
  An ooze (D:4)
  5 worms
  3 giant geckos
  51 orcs
  5 giant cockroaches
  2 gnoll zombies (D:8)
  5 goblins
  12 hobgoblins
  12 jackals
  5 quokkas
  2 ball pythons
  7 bats
  A giant gecko skeleton (D:4)
  4 giant newts
  2 gnoll skeletons (Ossuary)
  A goblin skeleton (Ossuary)
  A jackal skeleton (D:5)
  5 kobolds
  2 kobold skeletons (Ossuary)
  3 orc skeletons (Ossuary)
  A quokka skeleton (D:4)
  2 quokka zombies
  15 rats
  11 rat skeletons (Ossuary)
346 creatures vanquished.

Vanquished Creatures (others)
  A centaur (D:7)
  A crimson imp (D:7)
  An orc priest (D:7)
  A jelly (D:7)
  An orc wizard (D:7)
  An orc (D:7)
  A ball python (D:7)
  A quokka (D:4)
8 creatures vanquished.

Grand Total: 354 creatures vanquished

Notes
Turn   | Place    | Note
--------------------------------------------------------------
     0 | D:1      | gorblad the Formicid Fighter began the quest for the Orb.
     0 | D:1      | Reached XP level 1. HP: 18/18 MP: 1/1
   300 | D:1      | Reached XP level 2. HP: 20/24 MP: 2/2
   415 | D:1      | Reached skill level 4 in Shields
   492 | D:1      | Got an ichor-stained great mace
   493 | D:1      | Identified the +3 great mace of Cheibriados's Delight {venom, rF+ MR+ Int+9} (You found it on level 1 of the Dungeon)
   819 | D:2      | Reached XP level 3. HP: 24/29 MP: 3/3
   833 | D:2      | Reached skill level 1 in Maces & Flails
  1038 | D:2      | Reached XP level 4. HP: 31/35 MP: 4/4
  1372 | D:2      | Reached skill level 1 in Dodging
  2054 | D:3      | Found a burning altar of Makhleb.
  2205 | D:3      | Reached XP level 5. HP: 41/41 MP: 5/5
  2244 | D:3      | Found a faded altar to an unknown god.
  2478 | D:4      | Reached XP level 6. HP: 47/47 MP: 6/6
  2490 | D:4      | Reached skill level 5 in Shields
  2613 | D:4      | Reached skill level 5 in Armour
  2670 | D:4      | Noticed gorblad's ghost (amateur FoFi)
  2678 | D:4      | Killed gorblad's ghost
  2678 | D:4      | Reached XP level 7. HP: 39/52 MP: 7/7
  2858 | D:4      | Found a white marble altar of Elyvilon.
  3024 | D:4      | Reached skill level 6 in Shields
  3372 | D:5      | Entered Level 5 of the Dungeon
  3402 | D:5      | Reached XP level 8. HP: 58/58 MP: 8/8
  3494 | D:5      | Found a sand-covered staircase.
  3504 | Ossuary  | Entered an ossuary
  3788 | Ossuary  | Identified a scroll of acquirement
  3789 | Ossuary  | Got a crude amber ring
  3791 | Ossuary  | Identified the ring "Veviet" {+Fly rElec MR+++ AC+5 Stlth-} (You acquired it in an ossuary)
  3797 | D:5      | Noticed Speissi's ghost (novice DrBe)
  4028 | D:5      | Reached skill level 5 in Maces & Flails
  4215 | D:5      | Found a shattered altar of Ashenzari.
  4370 | D:5      | Found an opulent altar of Gozag.
  4542 | D:5      | Killed Speissi's ghost
  4542 | D:5      | Reached skill level 7 in Armour
  4542 | D:5      | Reached XP level 9. HP: 30/66 MP: 9/9
  4723 | D:5      | Found a shadowy altar of Dithmenos.
  4729 | D:5      | Became a worshipper of Dithmenos the Shadowed
  4925 | D:5      | Gained mutation: You are clumsy. (Dex -2) [potion of mutation]
  4925 | D:5      | Gained mutation: You occasionally shout uncontrollably at your foes. [potion of mutation]
  4925 | D:5      | Lost mutation: You are clumsy. (Dex -2) [potion of mutation]
  4926 | D:5      | Gained mutation: You sometimes yell uncontrollably at your foes. [potion of mutation]
  4926 | D:5      | Lost mutation: You sometimes yell uncontrollably at your foes. [potion of mutation]
  4926 | D:5      | Gained mutation: Your muscles are strong. (Str +2) [potion of mutation]
  4927 | D:5      | Lost mutation: Your muscles are strong. (Str +2) [potion of cure mutation]
  4927 | D:5      | Lost mutation: You occasionally shout uncontrollably at your foes. [potion of cure mutation]
  5111 | D:6      | Found Wettexaupp's Book Boutique.
  5213 | D:6      | Reached skill level 8 in Armour
  5234 | D:6      | Reached skill level 5 in Fighting
  5565 | D:7      | Found a staircase to the Ecumenical Temple.
  5600 | D:7      | Noticed Pikel
  5611 | D:7      | Killed Pikel
  5611 | D:7      | Reached XP level 10. HP: 68/76 MP: 10/10
  5623 | D:7      | Reached skill level 9 in Armour
  5831 | D:7      | Found a glowing golden altar of the Shining One.
  5976 | D:7      | Reached * piety under Dithmenos
  6301 | D:8      | Noticed Speissi's ghost (novice DsAK)
  6329 | D:8      | Killed Speissi's ghost
  6329 | D:8      | Reached skill level 5 in Dodging
  6815 | D:8      | Found a basalt altar of Yredelemnul.
  6928 | D:8      | Found a blossoming altar of Fedhas.
  6928 | D:8      | Found a snail-covered altar of Cheibriados.
  6930 | D:8      | Found a stormy altar of Qazlal.
  7330 | D:9      | Found Arull's Book Emporium.
  7376 | D:9      | Reached skill level 10 in Armour
  7423 | D:9      | Found Vablao's Assorted Antiques.
  7435 | D:9      | Found a radiant altar of Vehumet.
  7479 | D:9      | Reached ** piety under Dithmenos
  7551 | D:9      | Found Lucipsy's Magic Scroll Shop.
  7551 | D:9      | Found Xicid's Gadget Emporium.
  7557 | D:9      | Bought a scroll of enchant weapon for 120 gold pieces
  7557 | D:9      | Bought 2 scrolls of identify for 64 gold pieces
  7557 | D:9      | Bought a scroll of identify for 32 gold pieces
  7557 | D:9      | Bought a scroll of identify for 32 gold pieces
  7557 | D:9      | Bought a scroll of identify for 32 gold pieces
  7557 | D:9      | Bought a scroll of identify for 32 gold pieces
  7619 | D:9      | Found a staircase to the Lair.
  7653 | D:9      | Reached XP level 11. HP: 48/83 MP: 11/11
  8065 | D:9      | Found Tanaih's Gadget Shop.
  8157 | D:9      | Found a sacrificial altar of Ru.
  8235 | D:10     | Entered Level 10 of the Dungeon
  8614 | D:10     | Found Zuvar's Food Emporium.
  8712 | D:10     | Reached *** piety under Dithmenos
  8775 | D:10     | Reached skill level 11 in Armour
  8991 | D:11     | Noticed a hill giant
  8996 | D:11     | Killed a hill giant
  9030 | D:11     | Noticed a four-headed hydra
  9065 | D:11     | Reached skill level 10 in Maces & Flails
  9071 | D:11     | Noticed a five-headed hydra
  9083 | D:11     | Noticed an unseen horror
  9095 | D:11     | Killed a five-headed hydra
  9128 | D:11     | Killed an unseen horror
  9137 | D:11     | Killed a four-headed hydra
  9137 | D:11     | Reached XP level 12. HP: 27/92 MP: 12/12
 10017 | D:11     | Noticed Armakuni's ghost (journeyman MfWn)
 10032 | D:11     | Killed Armakuni's ghost
 10172 | D:11     | Reached **** piety under Dithmenos
 10231 | D:11     | Found a staircase to the Orcish Mines.
 10638 | Lair:1   | Entered Level 1 of the Lair of Beasts
 10641 | Lair:1   | Noticed slayr's ghost (journeyman HaHu)
 11336 | Lair:1   | Slain by slayr's ghost

Vault maps used:
D:1:      tarquinn_simple_flora_water_d, nrook_loot_triangle
D:2:      minmay_rat_gold_closets
D:3:      zin_scriptorium, bloody_makhleb, first_bread, ecumenical_altar_1
D:4:      elyvilon_altar_4
D:5:      nicolae_overflow_crystal_walls, lemuel_round_altar,
          kennysheep_little_box, chequers_ossuary_entry_cave
D:6:      serial_shops, nicolae_shop_behind_doors
D:7:      tso_metal_star, minmay_temple_entry_grid, uniq_pikel
D:8:      nicolae_overflow_hidden_temple, lemuel_zombie_altar_yredelemnul
D:9:      lemuel_round_altar, vehumet_altar_wand_db, erik_lair_orcish_takeover,
          serial_shops, shop, shop_statue, kennysheep_mini_moat, shop,
          shop_statue
D:10:     serial_shops, shop_fountains, grunt_livestock
D:11:     lemuel_ice_spiral_2, erik_orc_1
Lair:1:   lemuel_fruit_tree
Ossuary:  ossuary_due_small_catacomb

Action                   |  1- 3 |  4- 6 |  7- 9 | 10-12 || total
-------------------------+-------+-------+-------+-------++-------
Melee: Long sword        |    45 |       |       |       ||    45
       Great mace        |    51 |   151 |   321 |   755 ||  1278
 Abil: Dig               |       |       |       |     1 ||     1
  Use: Scroll            |     3 |     7 |    12 |     6 ||    28
       Potion            |       |       |     7 |     9 ||    16
  Eat: Chunk             |       |     6 |     6 |    24 ||    36
       Meat ration       |       |       |     1 |       ||     1
       Pizza             |       |       |       |     5 ||     5
